 Dungeon Sprint DCSS version 0.21-a0-201-g8501b10 (webtiles) character file.

128 Kidiri the Sneak (level 4, -4/23 HPs)
             Began as a Spriggan Enchanter on Aug 18, 2017.
             Slain by a neqoxec (10 damage)
             ... in the Dungeon (Sprint II: "The Violet Keep of Menkaure").
             The game lasted 00:00:28 (27 turns).

Kidiri the Sneak (Spriggan Enchanter)                 Turns: 27, Time: 00:00:29

Health: -4/23      AC:  1    Str:  4      XL:     4   Next: 86%
Magic:  7/12       EV: 22    Int: 13 (16) God:
Gold:   0          SH:  0    Dex: 17      Spells: 13/14 levels left

rFire    . . .     SeeInvis +   a - +1 dagger
rCold    . . .     Gourm    .   (shield restricted)
rNeg     . . .     Faith    .   b - +0 robe
rPois    .         Spirit   .   (helmet restricted)
rElec    .         Reflect  .   (no cloak)
rCorr    .         Harm     .   (gloves unavailable)
MR       .....     Rnd*Rage +   (boots unavailable) Stlth ++++......NoTele +
                                (no amulet)
HPRegen  0.07/turn              (no ring)
MPRegen  0.13/turn              (no ring)

@: berserk cooldown, slowed, quick
A: unfitting armour, see invisible, berserk 1, deformed body, herbivore 3, speed
3, slow metabolism 2, subdued magic 1
a: no special abilities


You were in the Dungeon.
You were not hungry.

You visited 1 branch

Inventory:

Hand Weapons
 a - a +1 dagger (weapon)
Armour
 b - a +0 robe (worn)
Scrolls
 j - a scroll of blinking
Potions
 e - a potion of curing
 f - a potion of heal wounds
 g - a potion of haste
 h - 2 potions of magic
Books
 c - a book of Maledictions

   Spells                             Type                      Level
   a - Corona                         Hexes                        1
   b - Ensorcelled Hibernation        Hexes/Ice                    2
   c - Confuse                        Hexes                        3
   d - Tukima's Dance                 Hexes                        3
   e - Dazzling Spray                 Conjuration/Hexes            3
Comestibles
 d - a bread ration


   Skills:
 + Level 2.0 Fighting
 * Level 4.3 Short Blades
 + Level 1.8 Armour
 * Level 6.6 Dodging
 * Level 7.9 Stealth
 * Level 5.5 Spellcasting
 + Level 5.0 Hexes


You had 13 spell levels left.
You knew the following spells:

 Your Spells              Type           Power        Failure   Level  Hunger
a - Corona                Hex            ##.....      1%          1    None


Dungeon Overview and Level Annotations

Branches:
Dungeon (1/1)

Altars:


Innate Abilities, Weirdness & Mutations

You are very small and have problems with some larger weapons.
You are too small for most types of armour.
You have supernaturally acute eyesight. (SInv)
You are a herbivore.
You cover ground extremely quickly.
You need consume almost no food.
You tend to lose your temper in combat.
Armour fits poorly on your strangely shaped body.
Your spells are a little easier to cast, but a little less powerful.


Message History

You closely miss the neqoxec.
The neqoxec is severely wounded.
The crimson imp completely misses you. The neqoxec misses you.
The neqoxec gestures.
The crimson imp closely misses you.
Unknown command.
You hit the neqoxec.
The neqoxec is almost dead.
The neqoxec gestures at you.
Strange energies course through your body.
Your connection to magic feels subdued.
The crimson imp misses you.
The crimson imp hits you but does no damage.
You hit the neqoxec.
The neqoxec is almost dead.
The neqoxec misses you. The crimson imp misses you. x2
The neqoxec gestures at you.
Something tries to feed on your intellect!
The crimson imp misses you. The neqoxec hits you!
You die... ### ## .5##5 533

#3#
##@##
+55.+
##.##
#+#


You could see 3 neqoxecs, 2 crimson imps, 2 white imps and an ufetubus.

Vanquished Creatures
  A neqoxec (D)
1 creature vanquished.

Notes
Turn   | Place    | Note
-------+----------+-------------------------------------------
     0 | D        | Kidiri the Spriggan Enchanter began the quest for the Orb.
     0 | D        | Reached XP level 1. HP: 9/9 MP: 5/5
     1 | D        | Noticed a neqoxec
     1 | D        | Noticed a neqoxec
     1 | D        | Noticed a neqoxec
     1 | D        | Noticed a neqoxec
     7 | D        | Gained mutation: You tend to lose your temper in combat. [a neqoxec]
    10 | D        | Killed a neqoxec
    10 | D        | Reached skill level 1 in Armour
    10 | D        | Reached skill level 7 in Stealth
    10 | D        | Reached skill level 5 in Spellcasting
    10 | D        | Reached skill level 5 in Hexes
    10 | D        | Reached XP level 2. HP: 15/15 MP: 5/9
    10 | D        | Reached XP level 3. HP: 18/18 MP: 6/11
    10 | D        | Reached XP level 4. HP: 23/23 MP: 6/12
    21 | D        | Gained mutation: Armour fits poorly on your strangely shaped body. [a neqoxec]
    26 | D        | Gained mutation: Your spells are a little easier to cast, but a little less powerful. [a neqoxec]
    27 | D        | Slain by a neqoxec

Vault maps used:
D:        the_violet_keep_of_menkaure

Skill      XL: |  1 |
---------------+----+-----
Fighting       | 2 |  2.0
Short Blades   | 4 |  4.3
Armour         | 1 |  1.8
Dodging        | 6 |  6.6
Stealth        | 7 |  7.9
Spellcasting   | 5 |  5.5
Hexes          | 5 |  5.0

Action                   |  1- 3 |  4- 6 || total
-------------------------+-------+-------++-------
Melee: Dagger            |     8 |    17 ||    25
  Use: Potion            |     1 |       ||     1
Armor: Robe              |       |     2 ||     2
Dodge: Dodged            |     1 |    18 ||    19
